 Dungeon Crawl Stone Soup version 0.27-a0-522-g46bbb28 (webtiles) character file.

Game seed: 17575484271046116432

1 GeorgeSoros the Skirmisher (level 1, -1/18 HPs)
             Began as a Demonspawn Abyssal Knight on Mar 4, 2021.
             Was an Initiate of Lugonu.
             Slain by a jackal (2 damage)
             ... on level 1 of the Dungeon.
             The game lasted 00:01:23 (279 turns).

GeorgeSoros the Skirmisher (DsAK)                    Turns: 279, Time: 00:01:24

Health: -1/18      AC:  3    Str: 12    XL:     1   Next: 16%
Magic:  2/2        EV: 10    Int: 13    God:    Lugonu [......]
Gold:   9          SH:  3    Dex: 12    Spells: 0/0 levels left

rFire    . . .     SeeInvis .   a - +1 falchion
rCold    . . .     Faith    .   c - +0 buckler
rNeg     . . .     Spirit   .   b - +0 leather armour
rPois    .         Reflect  .   (no helmet)
rElec    .         Harm     .   (no cloak)
rCorr    .         Rampage  .   (no gloves)
Will     .....                  (no boots)
Stlth    +.........             (no amulet)
HPRegen  0.06/turn              (no ring)
MPRegen  0.08/turn              (no ring)

@: no status effects
A: no striking features
a: Renounce Religion


You were on level 1 of the Dungeon.
You worshipped Lugonu.
Lugonu was noncommittal.
You visited 1 branch of the dungeon, and saw 1 of its levels.
You visited the Abyss 1 time.

You collected 9 gold pieces.

Inventory:

Hand Weapons
 a - a +1 falchion (weapon)
Armour
 b - a +0 leather armour (worn)
 c - a +0 buckler (worn)
Scrolls
 e - a scroll of immolation


   Skills:
 + Level 3.0 Fighting
 + Level 1.7 Long Blades
 + Level 1.7 Armour
 + Level 0.9 Dodging
 * Level 0.1 Shields
 - Level 2.4 Invocations


You couldn't memorise any spells.
You didn't know any spells.
Your spell library was empty.

Dungeon Overview and Level Annotations

Branches:
Dungeon (1/15)

Altars:


Message History

e - a scroll labelled ZEFACI SAIDGH A jackal comes into view.
A hobgoblin comes into view.
The hobgoblin shouts!
You hear a bark! x2
A jackal comes into view.
A jackal comes into view.
The jackal barks! x2
A jackal comes into view.
The hobgoblin hits you.
The jackal barks! x2
You hit the hobgoblin.
The hobgoblin is moderately wounded.
The hobgoblin barely misses you.
You riposte.
You hit the hobgoblin.
You kill the hobgoblin!
Lugonu accepts your kill.
You closely miss the jackal.
The jackal bites you but does no damage.
A giant cockroach comes into view.
The jackal barely misses you.
You closely miss the jackal. The jackal bites you.
You closely miss the jackal. The jackal bites you.
The jackal closely misses you.
A rat comes into view.
You are too injured to fight recklessly!
The jackal completely misses you.
The jackal bites you but does no damage.
You barely miss the jackal. The jackal bites you.
You closely miss the jackal.
The jackal pauses to sniff the ground.
The jackal bites you.
* * * LOW HITPOINT WARNING * * *
The jackal bites you.
* * * LOW HITPOINT WARNING * * *
You aren't carrying any potions.
As you read the scroll labelled TUYLUM KOCEDEW, it crumbles to dust.
It is a scroll of identify.
e - a scroll of immolation The jackal closely misses you.
The jackal bites you.
You die...

..)...# #.#
#.....### #.#
#.......# #.#
#.....#.# #.#
......#.# #.#
#.#.###.# #.#
#.#.###.###### #.#
#.#..(.......# #.#
#.......####.# #@#
#######.####.# #h#
#.#....###h#
#####........hh#
#....(.......r##
#..###..#####.#
###++###..#####.#
≈.......8.........#
..≈≈≈≈≈≈.######.#.#


You could see 4 jackals and a rat.

Vanquished Creatures
  A hobgoblin (D:1)
1 creature vanquished.

Notes
Turn   | Place    | Note
-------+----------+-------------------------------------------
     0 | Abyss:1  | GeorgeSoros the Demonspawn Abyssal Knight began the quest
                  | for the Orb.
     0 | Abyss:1  | Reached XP level 1. HP: 18/18 MP: 2/2
   105 | Abyss:1  | Noticed a large abomination
   126 | D:1      | Escaped the Abyss
   279 | D:1      | Slain by a jackal

Illustrated notes

Levels and vault maps discovered:
D:1:      psy_arrival_whirlpool, layout_loops_ring, kennysheep_flooded_box

Action                   || total
-------------------------++-------
Melee: Falchion          ||     6
Invok: Depart the Abyss  ||     1
  Use: Scroll            ||     1
Armor: Leather armour    ||     2
Dodge: Dodged            ||     5
       Rpst.: Falchion   ||     1

Table legend: (Time is in decaauts)
 A = Elapsed time spent in this place.
 B = Non-inter-level travel time spent in this place.
 C = Inter-level travel time spent in this place.
 D = Time resting spent in this place.
 E = Time spent auto-exploring this place.
 F = Levels seen in this place.
 G = Mean time per level.
                   A        B        C        D        E       F      G
               +--------+--------+--------+--------+--------+-----+--------+
         Total |    281 |    281 |      0 |      0 |    231 |   2 |  140.5 |
       Dungeon |    155 |    155 |      0 |      0 |    135 |   1 |  155.0 |
         Abyss |    126 |    126 |      0 |      0 |     96 |   1 |  126.0 |
               +--------+--------+--------+--------+--------+-----+--------+

Top non-repeatable levels by time:
     D:1: 155 daAuts
 Abyss:1: 126 daAuts
